 Dungeon Crawl Stone Soup version 0.32-a0-898-g7811c86cf0 (webtiles) character file.

Game seed: 2415144032418538965

458 croobank the Caller (level 7, -1/50 HPs)
             Began as a Human Summoner on Apr 4, 2024.
             Slain by an ogre
             ... wielding a +0 giant club
              (28 damage)
             ... on level 4 of the Dungeon on Apr 5, 2024.
             The game lasted 00:31:23 (3946 turns).

croobank the Caller (Human Summoner)                Turns: 3946, Time: 00:31:24

Health: -1/50      AC: 17    Str: 12    XL:     7   Next: 6%
Magic:  10/11      EV:  6    Int: 24    God:
Gold:   276        SH:  0    Dex: 14    Spells: 6/12 levels left

rFire   . . .        t - +2 dagger (speed)
rCold   . . .        (no shield)
rNeg    . . .        p - +8 chain mail of the Cicada {^Drain Str+4 Int+7}
rPois   .            (no helmet)
rElec   .            k - +0 cloak
rCorr   .            (no gloves)
SInv    .            (no boots)
Will    .....        (no amulet) Stlth
                     (no ring)
HPRegen 0.28/turn    (no ring)
MPRegen 0.12/turn

%: no passive effects
@: no status effects
A: explore regen
a: no special abilities


You were on level 4 of the Dungeon.
You visited 1 branch of the dungeon, and saw 5 of its levels.

You collected 276 gold pieces.

Inventory:

Hand Weapons
 d - a +0 whip
 g - a +0 mace
 t - a +2 dagger of speed (weapon)
Missiles
 n - 9 poisoned darts (quivered)
Armour
 a - a +0 robe
 k - a +0 cloak (worn)
 p - the +8 chain mail of the Cicada (worn) {^Drain Str+4 Int+7}
   (You found it on level 3 of the Dungeon)

   Str+4:     It affects your strength (+4).
   Int+7:     It affects your intelligence (+7).
   ^Drain:    It drains your maximum health when unequipped.
Jewellery
 m - a ring of protection from fire
 q - a +4 ring of protection
 w - a ring of protection from cold
Wands
 r - a wand of iceblast (10)
Scrolls
 c - 2 scrolls of teleportation
 e - a scroll of butterflies {unknown}
 f - 2 scrolls of identify
 i - a scroll of noise {unknown}
 j - 3 scrolls of immolation {unknown}
 o - 2 scrolls of amnesia {unknown}
 s - a scroll of poison {unknown}
 u - a scroll of enchant armour {unknown}
Potions
 b - a potion of magic
 h - 2 potions of heal wounds
 l - 4 potions of brilliance
 v - a potion of cancellation


   Skills:
 + Level 2.2 Fighting
 * Level 2.1 Armour
 + Level 3.6 Dodging
 + Level 3.9 Stealth
 + Level 3.2 Spellcasting
 + Level 5.0 Summonings


You had 6 spell levels left.
You knew the following spells:

 Your Spells              Type           Power      Damage    Failure   Level
a - Summon Small Mammal   Summ           100%       N/A       32%         1
b - Call Imp              Summ           56%        N/A       45%         2
c - Call Canine Familiar  Summ           28%        N/A       69%         3

Your spell library contained the following spells:

 Spells                   Type           Power      Damage    Failure   Level
 Ensorcelled Hibernation  Hex/Ice        6%         N/A       99%         2
 Jinxbite                 Hex            6%         N/A       99%         2
 Fugue of the Fallen      Necr           3%         N/A       100%        3
 Sigil of Binding         Hex            3%         N/A       100%        3
 Anguish                  Hex/Necr       1%         N/A       100%        4
 Dimensional Bullseye     Hex/Tloc       1%         N/A       100%        4
 Summon Blazeheart Golem  Fire/Summ      15%        N/A       100%        4
 Summon Lightning Spire   Summ/Air       15%        N/A       100%        4
 Yara's Violent Unravell  Hex/Alch       1%         3d3       100%        5
 Enfeeble                 Hex            1%         N/A       100%        7


Dungeon Overview and Level Annotations

Branches:
Dungeon (5/15)
 Temple: D:4-7

Altars:
Vehumet

Annotations:
D:3 3 runed translucent doors, EnlightenedBush's ghost, amateur TrFi


Innate Abilities, Weirdness & Mutations

You regain HP and MP as you explore.


Message History

You climb downwards.
You hear the sound of rushing water.
There is an entrance to a sewer on this level.
Hurry and find it before the portal rusts away!
The ogre shouts!
Found 35 gold pieces.
There is a stone staircase leading up here.
The ogre hits you but does no damage.
You climb upwards.
There is a stone staircase leading down here.
You hit the ogre.
The ogre is lightly wounded.
You barely miss the ogre.
The ogre is lightly wounded.
You hit the ogre.
The ogre is moderately wounded.
The ogre hits you with a +0 giant club!
You hit the ogre.
The ogre is moderately wounded.
You barely miss the ogre.
The ogre is moderately wounded.
The ogre hits you with a +0 giant club.
You hit the ogre but do no damage.
The ogre is moderately wounded.
You hit the ogre.
The ogre is heavily wounded.
The ogre hits you with a +0 giant club!
You barely miss the ogre.
The ogre is heavily wounded.
You hit the ogre.
The ogre is severely wounded.
You closely miss the ogre.
The ogre is severely wounded.
The ogre completely misses you.
You hit the ogre.
The ogre is almost dead.
Casting: Summon Small Mammal (safe; 32% risk of failure)
Confirm with . or Enter, or press ? or * to list all spells.
The ogre hits you with a +0 giant club!!
Ouch! That really hurt!
You die...

#........#........# ##.#####
#........#........# #.......
#.................####.......
#........#.#..<..............
#.......)#.#.###...###.......
#######.)....# ##........####
#..#...####.###.....###
##.....#....# ###...[..
##..O@..#### #..###.
#....#..#######.)###(
##...r##..............
#.....###.........####
#.....................
#.............).......
#....#..#.............
##......#.............
###......#..[..........


You could see an ogre (ally target) and a friendly quokka (summoned).

Vanquished Creatures
  An ogre (D:4)
  A scorpion (D:4)
  A bombardier beetle (D:4)
  3 gnolls (D:3)
  An adder (D:4)
  2 dart slugs
  8 orcs
  3 bats
  3 endoplasms
  2 giant cockroaches
  3 goblins
  5 hobgoblins
  A jackal (D:1)
  3 quokkas
  A ball python (D:1)
  A frilled lizard (D:3)
  A rat (D:3)
40 creatures vanquished.

Vanquished Creatures (collateral kills)
  A hound (D:2)
  3 orc wizards (D:3)
  An adder (D:2)
  A gnoll (D:1)
  A ribbon worm (D:3)
  A dart slug (D:1)
  3 orcs (D:3)
  4 ball pythons
  6 endoplasms
  2 giant cockroaches
  5 goblins
  2 hobgoblins
  10 jackals
  2 quokkas
  5 bats (D:1)
  A frilled lizard (D:3)
  5 kobolds
  6 rats
59 creatures vanquished.

Grand Total: 99 creatures vanquished

Notes
Turn   | Place    | Note
-------+----------+-------------------------------------------
     0 | D:1      | croobank the Human Summoner began the quest for the Orb.
     0 | D:1      | Reached XP level 1. HP: 13/13 MP: 3/3
   186 | D:1      | Reached XP level 2. HP: 18/19 MP: 3/5
   189 | D:1      | Learned a level 2 spell: Call Imp
   435 | D:1      | Reached XP level 3. HP: 17/24 MP: 4/6
   664 | D:1      | Learned a level 3 spell: Call Canine Familiar
  1048 | D:1      | Found a faded altar of an unknown god.
  1339 | D:2      | Reached XP level 4. HP: 30/30 MP: 1/7
  2195 | D:3      | Reached skill level 1 in Fighting
  2209 | D:3      | Reached XP level 5. HP: 28/37 MP: 1/9
  2640 | D:3      | Found a radiant altar of Vehumet.
  2872 | D:3      | Identified the +8 chain mail of the Cicada {^Drain Str+4
                  | Int+7}
  2935 | D:3      | Found a runed translucent gate.
  2936 | D:3      | Found a runed translucent gate.
  2937 | D:3      | Found a runed translucent gate.
  2938 | D:3      | Noticed EnlightenedBush's ghost (amateur TrFi)
  3265 | D:4      | Reached XP level 6. HP: 44/44 MP: 10/10
  3299 | D:4      | Reached skill level 1 in Armour
  3619 | D:4      | Reached skill level 5 in Summonings
  3619 | D:4      | Reached XP level 7. HP: 48/50 MP: 11/11
  3932 | D:5      | Entered Level 5 of the Dungeon
  3946 | D:4      | Slain by an ogre

Illustrated notes

Levels and vault maps discovered:
D:1:      roderic_dead_forest, layout_basic, basic_ecumenical_altar,
          item_on_display_a
D:2:      layout_basic
D:3:      minmay_wonky_spiral, layout_rooms, nicolae_vehumet_radiance,
          gammafunk_ghost_split, minmay_goblin_kobold_house
D:4:      layout_rooms
D:5:      layout_loops_corners, nemelex_xobeh_ov_fountains_minmay,
          cheibrodos_sewer_entry_sluice

Skill      XL: |  1  2  3  4  5  6 |
---------------+-------------------+-----
Stealth        | 3 |  3.9
Fighting       | 1 2 |  2.2
Dodging        | 3 |  3.6
Spellcasting   | 3 |  3.2
Armour         | 2 |  2.1
Summonings     | 5 |  5.0

Action                     |  1- 3 |  4- 6 |  7- 9 || total
---------------------------+-------+-------+-------++-------
  Melee: Whip              |    43 |   115 |       ||   158
         Dagger            |       |    86 |    37 ||   123
  Throw: Dart              |       |     4 |       ||     4
   Cast: Summon Small Mamm |    23 |    22 |     3 ||    48
         Call Imp          |    10 |     8 |       ||    18
         Call Canine Famil |     4 |     9 |       ||    13
  Evoke: Wand              |       |     1 |       ||     1
    Use: Scroll            |       |       |     5 ||     5
   Stab: Distracted        |       |     1 |       ||     1
 Armour: Robe              |    59 |    47 |       ||   106
         Chain mail        |       |    90 |    17 ||   107
  Dodge: Dodged            |    46 |    94 |     9 ||   149

Table legend: (Time is in decaauts)
 A = Elapsed time spent in this place.
 B = Non-inter-level travel time spent in this place.
 C = Inter-level travel time spent in this place.
 D = Time resting spent in this place.
 E = Time spent auto-exploring this place.
 F = Levels seen in this place.
 G = Mean time per level.
                   A        B        C        D        E       F      G
               +--------+--------+--------+--------+--------+-----+--------+
         Total |   3924 |   3866 |     58 |    358 |   2372 |   5 |  784.8 |
       Dungeon |   3924 |   3866 |     58 |    358 |   2372 |   5 |  784.8 |
               +--------+--------+--------+--------+--------+-----+--------+

Top non-repeatable levels by time:
     D:1: 1265 daAuts
     D:3: 1239 daAuts
     D:2: 916 daAuts
     D:4: 502 daAuts
     D:5: 1 daAuts
